 Dungeon Crawl Stone Soup version 0.29-a0-721-g7f417c9bbb (webtiles) character file.

Game seed: 2960407479310572878

49 crusatyr the Chopper (level 3, -2/31 HPs)
             Began as a Hill Orc Monk on June 28, 2022.
             Slain by a goblin
             ... wielding a +0 dagger
             ... led by Robin
              (5 damage)
             ... on level 2 of the Dungeon.
             The game lasted 00:01:27 (1963 turns).

crusatyr the Chopper (Hill Orc Monk)                Turns: 1963, Time: 00:01:27

Health: -2/31      AC:  5    Str: 15    XL:     3   Next: 75%
Magic:  3/3        EV: 11    Int: 10    God:
Gold:   224        SH:  0    Dex: 13    Spells: 2/2 levels left

rFire   . . .      SeeInvis .   a - +0 hand axe
rCold   . . .      Faith    .   (no shield)
rNeg    . . .      Spirit   .   k - +0 ring mail
rPois   .          Reflect  .   (no helmet)
rElec   .          Harm     .   (no cloak)
rCorr   .          Rampage  .   (no gloves)
Will    .....                   (no boots)
Stlth   +.........              (no amulet)
HPRegen 0.10/turn               (no ring)
MPRegen 0.08/turn               (no ring)

@: no status effects
A: no striking features
a: no special abilities


You were on level 2 of the Dungeon.
You visited 1 branch of the dungeon, and saw 2 of its levels.

You collected 224 gold pieces.

Inventory:

Hand Weapons
 a - a +0 hand axe (weapon)
Armour
 k - a +0 ring mail (worn)
Scrolls
 f - a scroll of vulnerability {unknown}
 g - a scroll of identify {unknown}
 h - a scroll of enchant armour {unknown}
Potions
 c - a potion of ambrosia
 d - a potion of berserk rage {unknown}
 e - a potion of degeneration {unknown}
 i - a potion of invisibility {unknown}
 j - a potion of mutation {unknown}


   Skills:
 - Level 3.6 Fighting
 * Level 6.1 Axes
 + Level 0.2 Armour
 - Level 2.4 Dodging
 - Level 1.5 Stealth


You had 2 spell levels left.
You didn't know any spells.
Your spell library was empty.

Dungeon Overview and Level Annotations

Branches:
Dungeon (2/15)

Altars:

Annotations:
D:2 Robin


Message History

The goblin is almost dead.
You hit the goblin but do no damage.
The goblin no longer looks unusually strong.
The goblin barely misses you. The goblin hits you but does no damage.
You slash the goblin!
You kill the goblin!
You hit the goblin but do no damage. The goblin misses you.
You hit the goblin.
You kill the goblin!
You hit the goblin.
You kill the goblin!
The goblin no longer looks unusually strong.
Robin throws the goblin at you! The goblin hits you with a +0 dagger.
You closely miss the goblin. You hit the goblin.
You kill the goblin!
The goblin no longer looks unusually strong.
Robin roars a battlecry!
The goblins go into a battle-frenzy!
The goblin hits you with a +0 dagger.
* * * LOW HITPOINT WARNING * * *
You hear a shout!
You hit the goblin.
The goblin is severely wounded.
You closely miss the goblin.
You hear a shout!
The goblin closely misses you. The goblin barely misses you.
You barely miss the goblin.
The goblin is severely wounded.
You hit the goblin.
The goblin no longer looks unusually strong.
A hobgoblin comes into view.
The goblin hits you with a +0 dagger.
* * * LOW HITPOINT WARNING * * *
Robin roars a battlecry!
The goblins go into a battle-frenzy!
The goblin closely misses you.
You closely miss the goblin.
The goblin is severely wounded.
You hit the goblin but do no damage. The goblin hits you with a +0 dagger.
You die...

#.# ... .. .....
#.##.... #### #.......
#..^ #....g.. #####.##
#...##g# #...#.#
#.g.##g# #.#.#.#
#g##g# #.#...# #g##@#
#.##### #.g#g# ###.##
##.#g# #....# #...#
####....# ##..#
#.......# #(.#
#.......### . ###.#
#.......(.#
8...#..>####.#####...#
.8.........#.#.###...#


You could see Robin, a hobgoblin (strong) and 4 goblins.

Vanquished Creatures
  A gnoll (D:1)
  2 dart slugs (D:1)
  2 ball pythons (D:1)
  4 bats (D:1)
  An endoplasm (D:1)
  A giant cockroach (D:1)
  8 goblins
  4 hobgoblins (D:1)
  2 quokkas (D:1)
  3 kobolds
  2 rats (D:1)
30 creatures vanquished.

Vanquished Creatures (others)
  5 toadstools (D:1)
5 creatures vanquished.

Grand Total: 35 creatures vanquished

Notes
Turn   | Place    | Note
-------+----------+-------------------------------------------
     0 | D:1      | crusatyr the Hill Orc Monk began the quest for the Orb.
     0 | D:1      | Reached XP level 1. HP: 19/19 MP: 1/1
   305 | D:1      | Reached XP level 2. HP: 18/26 MP: 2/2
   599 | D:1      | Reached skill level 5 in Axes
   738 | D:1      | HP: 1/26 [gnoll/+0 club (2)]
   740 | D:1      | Reached XP level 3. HP: 1/31 MP: 3/3
  1780 | D:2      | Reached skill level 6 in Axes
  1941 | D:2      | Noticed Robin
  1963 | D:2      | Slain by a goblin

Illustrated notes

Levels and vault maps discovered:
D:1:      psy_arrival_conway, layout_loops_ring, minmay_misc_feat_doors,
          minmay_gold_behind_fungi
D:2:      layout_basic, chequers_ecumenical_altar_simple_redux,
          bh_walls_and_bars, uniq_robin

Skill      XL: |  1  2  3 |
---------------+----------+-----
Axes           | 5 6 |  6.1
Fighting       | |  3.6
Armour         | |  0.2
Dodging        | |  2.4
Stealth        | |  1.5

Action                   || total
-------------------------++-------
Melee: Hand axe          ||    84
 Stab: Sleeping          ||     7
Armor: Robe              ||    11
       Ring mail         ||     4
Dodge: Dodged            ||    42

Table legend: (Time is in decaauts)
 A = Elapsed time spent in this place.
 B = Non-inter-level travel time spent in this place.
 C = Inter-level travel time spent in this place.
 D = Time resting spent in this place.
 E = Time spent auto-exploring this place.
 F = Levels seen in this place.
 G = Mean time per level.
                   A        B        C        D        E       F      G
               +--------+--------+--------+--------+--------+-----+--------+
         Total |   1970 |   1942 |     28 |    290 |   1426 |   2 |  985.0 |
       Dungeon |   1970 |   1942 |     28 |    290 |   1426 |   2 |  985.0 |
               +--------+--------+--------+--------+--------+-----+--------+

Top non-repeatable levels by time:
     D:1: 1752 daAuts
     D:2: 218 daAuts
